 Dungeon Crawl Stone Soup version 0.16.1-16-gc44b35d (webtiles) character file.

190 jacksonaction the Changer (level 5, -1/33 HPs)
             Began as an Octopode Transmuter on Apr 20, 2015.
             Was a Follower of Cheibriados.
             Killed by nerve-wracking pain
             ... invoked by an orc priest
              (5 damage)
             ... on level 3 of the Dungeon.
             The game lasted 00:13:52 (3882 turns).

jacksonaction the Changer (Octopode Transmuter)     Turns: 3882, Time: 00:13:53

Health: -1/33      AC:  1    Str: 11    XL:     5   Next: 69%
Magic:  9/9        EV: 13    Int: 18    God:    Cheibriados [*.....]
Gold:   167        SH:  0    Dex: 15    Spells: 3 memorised, 0 levels left

rFire  . . .     SeeInvis .       - Unarmed
rCold  . . .     Clarity  .     (no shield)
rNeg   . . .     SustAb   .     (helmet restricted)
rPois  .         Gourm    .     (no amulet)
rElec  .         Spirit   .     (no ring)
rCorr  .         Warding  .     (no ring)
rMut   .         Stasis   .     (no ring)
MR     .....                    (no ring)
Stlth  ++........               (no ring)
                                (no ring)
                                (no ring)
                                (no ring)

@: very slow, not resistant to hostile enchantments, unstealthy
A: almost no armour, amphibious, 8 rings, constrict 8, camouflage 1, gelatinous
body 1
a: Bend Time, Renounce Religion


You were on level 3 of the Dungeon.
You worshipped Cheibriados.
Cheibriados was aware of your devotion.
You were not hungry.

You visited 1 branch of the dungeon, and saw 3 of its levels.

You collected 167 gold pieces.

Inventory:

Missiles
 b - 12 arrows
 i - 55 stones (quivered)
Jewellery
 c - an uncursed ring of invisibility {unknown}
 g - a +2 ring of protection {unknown}
 h - a +5 ring of intelligence {unknown}
 l - a +6 ring of protection {unknown}
 n - a +6 ring of intelligence {unknown}
Scrolls
 j - a scroll of fear {unknown}
 k - a scroll of recharging {unknown}
 m - a scroll of enchant weapon {unknown}
 o - 2 scrolls of identify {unknown}
 q - a scroll of random uselessness {unknown}
Potions
 e - 2 potions of resistance {unknown}
Books
 d - a book of Changes

   Spells                             Type                      Level
   a - Beastly Appendage              Transmutation                1
   b - Sticks to Snakes               Transmutation                2
   c - Spider Form                    Transmutation/Poison         3
   d - Ice Form                       Ice/Transmutation            4
   e - Blade Hands                    Transmutation                5
Comestibles
 a - 2 bread rations
 f - 2 meat rations
 p - 8 chunks of flesh


   Skills:
 - Level 1.0 Fighting
 - Level 2.4 Dodging
 - Level 3.7 Unarmed Combat
 - Level 2.3 Spellcasting
 + Level 4.7 Transmutations


You couldn't memorise any spells.
You knew the following spells:

 Your Spells              Type           Power        Failure   Level  Hunger
a - Beastly Appendage     Trmt           ###...       2%          1    #......
b - Spider Form           Trmt/Pois      ##........   24%         3    ###....
c - Ice Form              Ice/Trmt       ##......     78%         4    #####..


Dungeon Overview and Level Annotations

Branches:
Dungeon (3/15)

Altars:
Cheibriados
Elyvilon
Fedhas
Makhleb
Nemelex Xobeh
Qazlal
Vehumet


Innate Abilities, Weirdness & Mutations

You cannot wear most types of armour.
You are amphibious.
You can wear up to eight rings at the same time.
You can use your tentacles to constrict many enemies at once.
Your skin changes colour to match your surroundings (Stealth).
Your rubbery body absorbs attacks (AC +1).


Message History

The orc priest is heavily wounded.
You constrict the orc priest.
The orc priest calls down the wrath of Beogh upon you.
Pain shoots through your body!
* * * LOW HITPOINT WARNING * * *
A giant newt comes into view.
You tentacle-slap the orc priest.
The orc priest is severely wounded.
You constrict the orc priest.
The orc priest mumbles some strange prayers to Beogh against you.
Pain shoots through your body!
* * * LOW HITPOINT WARNING * * *
The orc closely misses you.
You tentacle-slap the orc priest.
You squeeze the orc priest, but do no damage.
The orc priest is almost dead.
You constrict the orc priest, but do no damage.
The orc priest calls down the wrath of Beogh upon you.
Pain shoots through your body!
You die...

#..## #.# #..#
#.. #<.# ###
#..# #..# #..#
#..#
#..#######....
#(.[.@o....l..
#...##o##.....
#(### ..# . #.
...# #. ....#
#. _..... ##
....# ...# .


You could see an orc priest, an orc and a giant newt.

Vanquished Creatures
  A hound (D:2)
  Robin (D:3)
  5 adders
  A giant mite (D:3)
  2 worms
  4 giant geckos
  An ooze (D:2)
  7 orcs (D:3)
  5 bats
  11 hobgoblins
  A quokka (D:3)
  A ball python (D:3)
  4 giant cockroaches
  4 giant newts
  9 goblins
  3 jackals (D:1)
  7 kobolds
  11 rats
78 creatures vanquished.

Notes
Turn   | Place    | Note
--------------------------------------------------------------
     0 | D:1      | jacksonaction, the Octopode Transmuter, began the quest for the Orb.
     0 | D:1      | Reached XP level 1. HP: 13/13 MP: 3/3
   380 | D:1      | Reached XP level 2. HP: 8/18 MP: 2/4
  1063 | D:2      | Found a burning altar of Makhleb.
  1073 | D:2      | Reached XP level 3. HP: 1/23 MP: 3/6
  1390 | D:2      | Learned a level 3 spell: Spider Form
  1672 | D:2      | Reached XP level 4. HP: 14/28 MP: 6/8
  3008 | D:2      | Reached XP level 5. HP: 33/33 MP: 7/9
  3092 | D:2      | Learned a level 4 spell: Ice Form
  3126 | D:3      | Reached skill level 4 in Transmutations
  3309 | D:3      | Found a sparkling altar of Nemelex Xobeh.
  3316 | D:3      | Found a white marble altar of Elyvilon.
  3353 | D:3      | Found a stormy altar of Qazlal.
  3360 | D:3      | Found a snail-covered altar of Cheibriados.
  3362 | D:3      | Found a radiant altar of Vehumet.
  3365 | D:3      | Became a worshipper of Cheibriados the Contemplative
  3631 | D:3      | Noticed Robin
  3692 | D:3      | Killed Robin
  3838 | D:3      | Acquired Cheibriados' first power
  3877 | D:3      | Found a blossoming altar of Fedhas.
  3882 | D:3      | Killed from afar by an orc priest

Action                   |  1- 3 |  4- 6 || total
-------------------------+-------+-------++-------
Melee: Unarmed           |    70 |   132 ||   202
Throw: Stone             |       |    10 ||    10
 Cast: Beastly Appendage |     7 |     8 ||    15
       Spider Form       |       |     4 ||     4
 Stab: Sleeping          |     1 |     4 ||     5
       Distracted        |       |     1 ||     1
  Eat: Chunk             |     2 |     8 ||    10
